 Dungeon Crawl Stone Soup version 0.21-a0-241-g2cbab09 (webtiles) character file.

22120 Jeffwins the Cruncher (level 12, -1/101 HPs)
             Began as a Hill Orc Monk on Sept 4, 2017.
             Was a High Priest of Beogh.
             Slain by a death yak (22 damage)
             ... on level 3 of the Lair of Beasts.
             The game lasted 00:37:49 (15459 turns).

Jeffwins the Cruncher (Hill Orc Monk)              Turns: 15459, Time: 00:37:49

Health: -1/101     AC: 27    Str: 24    XL:     12   Next: 97%
Magic:  17/17      EV: 14    Int:  8    God:    Beogh [*****.]
Gold:   985        SH:  0    Dex: 16    Spells: 11/11 levels left

rFire    + . .     SeeInvis .   H - +2 lajatang (protect)
rCold    + + .     Gourm    +   (shield currently unavailable)
rNeg     . . .     Faith    .   b - +4 ring mail of Gestures {+Fly rElec rCorr}
rPois    +         Spirit   .   F - +2 hat
rElec    +         Reflect  .   t - +0 cloak
rCorr    +         Harm     .   S - +1 pair of gloves {Dex+3}
MR       +....                  (no boots)
Stlth    ++........             x - amulet of Divine Intervention {Gourm rPois Slay+3 Stlth+}
HPRegen  0.26/turn              M - ring of protection from magic
MPRegen  0.15/turn              O - +2 ring of protection

@: mighty, resistant, protection aura, hasted, very quick
A: walk on water, icy blue scales 1, cold resistance 1, dopey 1, shaggy fur 1
a: Smiting, Recall Orcish Followers, Give Item to Named Follower, Renounce
Religion, Evoke Flight


You were on level 3 of the Lair of Beasts.
You worshipped Beogh.
Beogh was extremely pleased with you.
You were full.

You visited 3 branches of the dungeon, and saw 15 of its levels.
You also visited: Sewer.

You collected 2238 gold pieces.
You spent 1253 gold pieces at shops.

Inventory:

Hand Weapons
 A - a +3 lajatang of pain
 C - the +5 rapier of the Mind {elec, Str+2}
   (You found it on level 5 of the Dungeon)

   Occasionally, upon striking a foe, it will discharge some electrical energy
   and cause terrible harm.
   It affects your strength (+2).
 H - a +2 lajatang of protection (weapon)
Armour
 b - the +4 ring mail of Gestures (worn) {+Fly rElec rCorr}
   (You found it on level 9 of the Dungeon)

   It insulates you from electricity.
   It lets you fly.
   It protects you from acid and corrosion.
 t - a +0 cloak (worn)
 E - the +0 scale mail of Mutualism {rN++ MR+ Regen+ Dex-4}
   (You found it on level 10 of the Dungeon)

   It affects your dexterity (-4).
   It greatly protects you from negative energy.
   It affects your resistance to hostile enchantments.
   It increases your rate of regeneration.
 F - a +2 hat (worn)
 N - +0 steam dragon scales
 S - a +1 pair of gloves of dexterity (worn)
Magical Staves
 n - an uncursed staff of energy
Jewellery
 r - an uncursed ring of resist corrosion
 w - an uncursed ring of protection from cold
 x - the amulet of Divine Intervention (around neck) {Gourm rPois Slay+3 Stlth+}
   (You found it on level 4 of the Dungeon)

   [amulet of the gourmand]

   It allows you to eat raw meat even when not hungry.
   It affects your accuracy and damage with ranged weapons and melee attacks
   (+3).
   It protects you from poison.
   It makes you more stealthy.
 G - a +4 amulet of reflection
 M - a ring of protection from magic (left hand)
 O - a +2 ring of protection (right hand)
 T - an uncursed amulet of faith
Wands
 u - a wand of acid (1/15)
 y - a wand of digging (7/24)
 W - a wand of enslavement (15/24)
 Y - a wand of iceblast (12/15)
Scrolls
 g - 4 scrolls of enchant weapon
 j - 4 scrolls of teleportation
 k - 3 scrolls of enchant armour
 l - 5 scrolls of recharging
 p - 3 scrolls of immolation
 B - a scroll of amnesia
 I - 2 scrolls of fog
 K - 2 scrolls of magic mapping
 P - a scroll of fear
 U - 4 scrolls of remove curse
 V - a scroll of holy word
Potions
 e - 5 potions of heal wounds
 f - 2 potions of flight
 h - 4 potions of agility
 m - 6 potions of curing
 o - 6 potions of mutation
 q - 2 potions of might
 s - 6 potions of haste
 v - 2 potions of lignification
 D - a potion of magic
 J - 2 potions of brilliance
 Z - a potion of invisibility
Books
 a - a book of Flames

   Spells                             Type                      Level
   a - Flame Tongue                   Conjuration/Fire             1
   b - Throw Flame                    Conjuration/Fire             2
   c - Conjure Flame                  Conjuration/Fire             3
   d - Inner Flame                    Hexes/Fire                   3
   e - Sticky Flame                   Conjuration/Fire             4
   f - Fireball                       Conjuration/Fire             5
 Q - a book of the Earth

   Spells                             Type                      Level
   a - Leda's Liquefaction            Hexes/Earth                  4
   b - Bolt of Magma                  Conjuration/Fire/Earth       5
   c - Statue Form                    Transmutation/Earth          6
   d - Iron Shot                      Conjuration/Earth            6
   e - Shatter                        Earth                        9
 R - a book of Clouds

   Spells                             Type                      Level
   a - Poisonous Vapours              Poison/Air                   2
   b - Mephitic Cloud                 Conjuration/Poison/Air       3
   c - Conjure Flame                  Conjuration/Fire             3
   d - Freezing Cloud                 Conjuration/Ice/Air          6
   e - Ring of Flames                 Charms/Fire                  7
Miscellaneous
 L - a fan of gales
Comestibles
 c - 13 bread rations
 d - 8 royal jellies
 i - 4 fruits
 z - 5 meat rations


   Skills:
 + Level 7.8 Fighting
   Level 11.4(14.4) Maces & Flails
 * Level 12.6(13.8) Staves
 + Level 6.0 Armour
 + Level 5.0 Dodging
 - Level 1.5 Stealth
 + Level 6.9 Invocations
 + Level 5.8 Evocations


You had 11 spell levels left.
You didn't know any spells.

Dungeon Overview and Level Annotations

Branches:
Dungeon (10/15)            Temple (0/1) D:6            Lair (3/6) D:10
  Snake (0/4) Lair:2          Orc (2/2) D:10            Elf (0/3) Orc:2
  Swamp: Lair:2-4    Shoals: Lair:2-4

Altars:
Cheibriados
Gozag
Kikubaaqudgha
Makhleb
Nemelex Xobeh
Okawaru
Ru
Sif Muna
Uskayaw
Vehumet
Wu Jian
Xom
The Shining One
Beogh

Shops:
D:8 ?   Orc:2 ?!*(

Annotations:
D:9 1 runed door


Innate Abilities, Weirdness & Mutations

You can walk on water.
You are partially covered in icy blue scales. (AC +2)
Your flesh is cold resistant. (rC+)
You are dopey. (Int -2)
You are covered in fur. (AC +1)


Message History

You slash the death yak!
The death yak is moderately wounded.
The wolf closely misses you. The wolf bites your orc knight.
The wolf bites you but does no damage.
Unknown command.
You barely miss the death yak.
The death yak is moderately wounded.
The wolf closely misses you. The death yak gores you! x2
* * * LOW HITPOINT WARNING * * *
The wolf barely misses your orc knight.
Your orc knight misses the wolf.
Unknown command.
As you read the scroll of fear, it crumbles to dust.
You assume a fearsome visage.
The wolf looks frightened! x3
The death yak looks frightened!
The death yak resists with some effort.
The porcupine looks frightened!
Unknown command.
You slice the death yak!!
The death yak is heavily wounded.
The death yak gores you!!
You die...

#P ####
##P..#.)##.##
....hh)@Y.r.#
.##...o#Y####
#.h#. .P. #.
#. ..... ).
## ###### ##


You could see 2 death yaks, 3 wolves, a porcupine (fleeing) and a friendly orc
knight.

Vanquished Creatures
  Erica (D:8)
  A centaur warrior (D:9)
  2 two-headed ogres
  3 death yaks (Lair:3)
  An oklob plant (D:10)
  An orc knight (Orc:2)
  An orc sorcerer (Orc:1)
  A cyclops (D:9)
  4 spiny frogs
  A gargoyle (D:9)
  A komodo dragon (Lair:2)
  3 trolls
  5 hippogriffs
  A wyvern (D:8)
  2 yaks
  A wraith (D:10)
  2 basilisks (Lair:1)
  A steam dragon (D:6)
  3 wargs (Orc:2)
  2 nagas (Lair:2)
  2 water moccasins
  An ice beast (D:6)
  4 porcupines
  2 black bears
  Purgy (Sewer)
  15 orc warriors
  2 sky beasts
  A necrophage (D:9)
  An eye of draining (shapeshifter) (D:10)
  8 ogres
  2 wolves (Lair:1)
  10 centaurs
  A crocodile (Lair:1)
  Blork the orc (D:6)
  3 bullfrogs
  A gnoll sergeant (D:9)
  4 scorpions
  4 killer bees (D:10)
  4 wights
  3 howler monkeys (D:7)
  3 crimson imps
  A quasit (D:9)
  4 bullfrog zombies
  14 orc priests
  Crazy Yiuf (D:3)
  3 hounds
  3 jellies
  3 iguanas
  7 orc wizards
  Natasha (thrice) (D:3)
  8 worker ants
  The ghost of Jeffwins the Cudgeler, a weakling HOMo (D:3)
  2 worker ant zombies
  9 adders
  17 gnolls
  A howler monkey skeleton (D:8)
  4 shadow imps
  3 oozes
  3 adder skeletons
  An adder zombie (D:9)
  3 worms
  2 dart slugs
  2 leopard geckos
  28 orcs
  6 bats
  10 giant cockroaches
  7 goblins
  6 hobgoblins
  2 jackals (D:4)
  4 quokkas
  3 ball pythons
  2 frilled lizards
  A jackal skeleton (D:6)
  7 kobolds
  A leopard gecko skeleton (D:4)
  A quokka skeleton (D:9)
  A quokka zombie (D:9)
  9 rats
  A plant (D:10)
294 creatures vanquished.

Vanquished Creatures (collateral kills)
  An orc high priest (Orc:2)
  2 orc knights (Orc:2)
  Maurice (D:8)
  Joseph (D:8)
  Psyche (D:8)
  A spiny frog (Lair:2)
  A rime drake (Lair:2)
  A troll (Orc:1)
  A polar bear (Lair:2)
  A hippogriff (Lair:2)
  A spriggan (D:10)
  4 yaks
  2 basilisks (Lair:1)
  A warg (Orc:2)
  3 porcupines
  15 orc warriors
  2 sky beasts
  A black bear (D:9)
  3 wolves
  5 centaurs
  4 bullfrogs
  2 killer bees
  A wight (D:10)
  2 howler monkeys (D:9)
  A crimson imp (D:9)
  A jelly (D:8)
  2 hounds (D:9)
  2 orc priests
  4 orc wizards
  An iguana (D:8)
  A worker ant (D:7)
  A hound zombie (D:9)
  2 hound skeletons
  6 gnolls
  A howler monkey skeleton (D:8)
  13 orcs
  A quokka skeleton (D:8)
  A fungus (Lair:2)
94 creatures vanquished.

Vanquished Creatures (others)
  2 orc knights (Orc:2)
  17 orc warriors
  A centaur (Orc:2)
  A jelly (D:6)
  5 orc priests
  8 orc wizards
  An adder (D:3)
  47 orcs
  A fungus (Lair:2)
83 creatures vanquished.

Grand Total: 471 creatures vanquished

Notes
Turn   | Place    | Note
-------+----------+-------------------------------------------
     0 | D:1      | Jeffwins the Hill Orc Monk began the quest for the Orb.
     0 | D:1      | Reached XP level 1. HP: 19/19 MP: 1/1
   133 | D:1      | Reached XP level 2. HP: 22/26 MP: 2/2
   699 | D:1      | Reached XP level 3. HP: 31/31 MP: 3/3
   992 | D:2      | Found an opulent altar of Gozag.
  1177 | D:2      | Reached skill level 5 in Maces & Flails
  1194 | D:2      | Gained mutation: You are covered in fur. (AC +1) [potion of mutation]
  1194 | D:2      | Gained mutation: You are dopey. (Int -2) [potion of mutation]
  1194 | D:2      | Gained mutation: Your flesh is cold resistant. (rC+) [potion of mutation]
  1194 | D:2      | Gained mutation: You are partially covered in icy blue scales. (AC +2) [potion of mutation]
  1463 | D:2      | Found a hide-covered altar of Uskayaw.
  1540 | D:2      | Reached XP level 4. HP: 39/39 MP: 4/4
  1743 | D:3      | Became a worshipper of Beogh the Brigand
  1743 | D:3      | Reached * piety under Beogh
  1743 | D:3      | Reached ** piety under Beogh
  2507 | D:3      | Reached XP level 5. HP: 44/45 MP: 5/5
  2532 | D:3      | Noticed Jeffwins's ghost (weakling HOMo)
  2550 | D:3      | Killed Jeffwins's ghost
  3019 | D:3      | Reached XP level 6. HP: 51/51 MP: 6/6
  3168 | D:3      | Noticed Natasha
  3185 | D:3      | Killed Natasha
  3397 | D:3      | Noticed Natasha
  3410 | D:3      | Killed Natasha
  3440 | D:3      | Noticed Natasha
  3454 | D:3      | Killed Natasha
  3582 | D:3      | Found a runed door.
  3586 | D:3      | Noticed Crazy Yiuf
  3606 | D:3      | Killed Crazy Yiuf
  3882 | D:4      | Found an ornate altar of the Wu Jian Council.
  3912 | D:4      | Found an iron altar of Okawaru.
  3963 | D:4      | Got a twitching platinum amulet
  3965 | D:4      | Identified the amulet of Divine Intervention {Gourm rPois Slay+3 Stlth+} (You found it on level 4 of the Dungeon)
  4312 | D:4      | Reached XP level 7. HP: 30/57 MP: 7/7
  4681 | D:5      | Entered Level 5 of the Dungeon
  5112 | D:5      | Found a sacrificial altar of Ru.
  5263 | D:5      | Found a sparkling altar of Nemelex Xobeh.
  5294 | D:5      | Found a burning altar of Makhleb.
  5334 | D:5      | Got a brightly glowing rapier
  5335 | D:5      | Identified the +5 rapier of the Mind {elec, Str+2} (You found it on level 5 of the Dungeon)
  5369 | D:5      | Reached *** piety under Beogh
  5369 | D:5      | Reached skill level 10 in Maces & Flails
  5369 | D:5      | Reached XP level 8. HP: 58/64 MP: 8/8
  5860 | D:6      | Noticed Blork the orc
  5871 | D:6      | Killed Blork the orc
  5874 | D:6      | Found a radiant altar of Vehumet.
  6063 | D:6      | Found a glowing drain.
  6072 | Sewer    | Entered a sewer
  6086 | Sewer    | Noticed Purgy
  6101 | Sewer    | Killed Purgy
  6364 | D:6      | Found a staircase to the Ecumenical Temple.
  6509 | D:6      | Reached skill level 1 in Staves
  6654 | D:6      | Reached skill level 2 in Staves
  6731 | D:6      | Reached skill level 3 in Staves
  6807 | D:7      | Noticed a hippogriff
  6822 | D:7      | Killed a hippogriff
  6822 | D:7      | Reached skill level 4 in Staves
  6822 | D:7      | Reached XP level 9. HP: 69/70 MP: 9/9
  6905 | D:7      | Reached skill level 5 in Staves
  7144 | D:8      | Noticed Psyche
  7152 | D:8      | Killed Psyche
  7152 | D:8      | Reached skill level 6 in Staves
  7302 | D:8      | Reached skill level 7 in Staves
  7347 | D:8      | Reached **** piety under Beogh
  7510 | D:8      | Found Ynumed's Magic Scroll Shoppe.
  7513 | D:8      | Bought a scroll of holy word for 90 gold pieces
  7513 | D:8      | Bought a scroll of identify for 24 gold pieces
  7513 | D:8      | Bought a scroll of identify for 24 gold pieces
  7513 | D:8      | Bought a scroll of remove curse for 36 gold pieces
  7526 | D:8      | Noticed Joseph
  7528 | D:8      | Noticed Maurice
  7545 | D:8      | Killed Joseph
  7545 | D:8      | Reached skill level 8 in Staves
  7545 | D:8      | Reached XP level 10. HP: 23/77 MP: 4/10
  7687 | D:8      | Killed Maurice
  7687 | D:8      | Reached skill level 9 in Staves
  7695 | D:8      | Noticed a two-headed ogre
  7706 | D:8      | Killed a two-headed ogre
  7708 | D:8      | Gained Bogmar as an ally
  7827 | D:8      | Noticed Erica
  7844 | D:8      | Killed Erica
  7844 | D:8      | Reached skill level 10 in Staves
  7889 | D:8      | Gained Oruk as an ally
  8362 | D:9      | Found a snail-covered altar of Cheibriados.
  8373 | D:9      | Found a glowing golden altar of the Shining One.
  8380 | D:9      | Found an ancient bone altar of Kikubaaqudgha.
  8667 | D:9      | Reached skill level 1 in Invocations
  8702 | D:9      | Got an ancient ring mail
  8713 | D:9      | Identified the +4 ring mail of Gestures {+Fly rElec rCorr} (You found it on level 9 of the Dungeon)
  8726 | D:9      | Found a deep blue altar of Sif Muna.
  8764 | D:9      | Found a runed door.
  8812 | D:9      | Found a shimmering altar of Xom.
  8881 | D:9      | Found a runed door.
  8937 | D:9      | Reached skill level 1 in Armour
  9111 | D:9      | Reached skill level 1 in Evocations
  9203 | D:9      | Noticed a centaur warrior
  9217 | D:9      | Killed a centaur warrior
  9298 | D:9      | Noticed a cyclops
  9301 | D:9      | Noticed a gargoyle
  9350 | D:9      | Reached XP level 11. HP: 71/85 MP: 12/12
  9371 | D:9      | Killed a cyclops
  9595 | D:10     | Entered Level 10 of the Dungeon
  9604 | D:10     | Reached skill level 5 in Fighting
  9604 | D:10     | Reached skill level 11 in Staves
  9702 | D:10     | Noticed an oklob plant
  9705 | D:10     | Found a staircase to the Lair.
  9711 | D:10     | Killed an oklob plant
  9833 | D:10     | Reached ***** piety under Beogh
  9853 | D:10     | Got a smelly scale mail
  9864 | D:10     | Identified the +0 scale mail of Mutualism {rN++ MR+ Regen+ Dex-4} (You found it on level 10 of the Dungeon)
  9918 | D:10     | Found a staircase to the Orcish Mines.
 10552 | D:10     | Noticed a two-headed ogre
 10560 | D:10     | Killed a two-headed ogre
 10667 | D:10     | Got a warped ring mail
 10678 | D:10     | Identified the +1 ring mail of Discretion {rC+} (You found it on level 10 of the Dungeon)
 10709 | Orc:1    | Entered Level 1 of the Orcish Mines
 10788 | Orc:1    | Noticed an orc sorcerer
 10801 | Orc:1    | Killed an orc sorcerer
 10806 | Orc:1    | Your ally Oruk died
 11372 | Orc:2    | Entered Level 2 of the Orcish Mines
 11985 | Orc:2    | Found a staircase to the Elven Halls.
 12001 | Orc:2    | Found a roughly hewn altar of Beogh.
 12009 | Orc:2    | Noticed an orc high priest
 12031 | Orc:2    | Killed an orc high priest
 12031 | Orc:2    | Reached skill level 5 in Invocations
 12276 | Orc:1    | Reached XP level 12. HP: 82/97 MP: 15/15
 12688 | Orc:2    | Your ally Bogmar died
 13046 | Orc:2    | Reached skill level 12 in Staves
 13052 | Orc:2    | Found Izusoor's General Store.
 13052 | Orc:2    | Found Qelus's Distillery.
 13054 | Orc:2    | Found Tiredgh's Magic Scroll Shoppe.
 13056 | Orc:2    | Found Tasisk's Weapon Boutique.
 13095 | Orc:2    | Bought a potion of haste for 150 gold pieces
 13095 | Orc:2    | Bought a scroll of remove curse for 45 gold pieces
 13106 | Orc:2    | Bought a potion of heal wounds for 50 gold pieces
 13106 | Orc:2    | Bought a potion of heal wounds for 50 gold pieces
 13106 | Orc:2    | Bought a potion of might for 40 gold pieces
 13106 | Orc:2    | Bought a potion of might for 40 gold pieces
 13106 | Orc:2    | Bought a potion of might for 40 gold pieces
 13106 | Orc:2    | Bought a potion of agility for 40 gold pieces
 13440 | Lair:1   | Entered Level 1 of the Lair of Beasts
 14006 | Lair:1   | Reached skill level 5 in Evocations
 14311 | D:8      | Bought a scroll of acquirement for 624 gold pieces
 14452 | Lair:2   | Found a staircase to the Snake Pit.
 14463 | Lair:2   | Reached skill level 5 in Armour
 15429 | Lair:3   | Noticed a death yak
 15429 | Lair:3   | Noticed a death yak
 15434 | Lair:3   | Noticed a death yak
 15439 | Lair:3   | Noticed a death yak
 15439 | Lair:3   | Killed a death yak
 15443 | Lair:3   | Noticed a death yak
 15447 | Lair:3   | Killed a death yak
 15455 | Lair:3   | Killed a death yak
 15455 | Lair:3   | Reached skill level 5 in Dodging
 15459 | Lair:3   | Slain by a death yak

Vault maps used:
D:1:      minmay_arrival_cross
D:2:      minmay_wonky_spiral, eat_drink_and_be_merry_uskayaw,
          grunt_gozag_breadcrumbs
D:3:      first_bread, uniq_crazy_yiuf_cottage, uniq_natasha
D:4:      lemuel_crystal_altar, okawaru_ov_weapons_minmay
D:5:      hangedman_ru_absence, nemelex_xobeh_ov_fountains_minmay,
          makhleb_blood_cavern_becter, grunt_ministairs_11, hex_medium
D:6:      vehumet_crystals, minmay_temple_entry_crystal_x, portal_sewer_entry_b,
          uniq_blork_the_orc
D:8:      cheibrodos_fzero, special_room, serial_shops, kennysheep_mini_moat,
          uniq_maurice, uniq_psyche, uniq_erica, uniq_joseph
D:9:      cheibrodos_histonic, marbit_many_paths,
          nicolae_overflow_quartered_altars
D:10:     dpeg_oklobed_lair, the_bakery, minmay_variable_closet
Lair:1:   minivault_23, infiniplex_staircase_pool_2
Lair:2:   minmay_snake_entry_guardpost_small
Lair:3:   small_statue_intersection, serial_bayou_pond_c
Orc:2:    st_orc_rangers, basic_altar
Sewer:    kennysheep_door_sewer

Skill      XL: |  1  2  3  4  5  6  7  8  9 10 11 12 |
---------------+-------------------------------------+-----
Maces & Flails | 4 5 6 7 8 10 11 | 11.4
Staves         | 4 8 10 11 12 | 12.6
Invocations    | 2 5 6 |  6.9
Armour         | 2 4 6 |  6.0
Fighting       | 4 6 7 |  7.8
Evocations     | 1 4 5 |  5.8
Dodging        | 4 5 |  5.0
Stealth        | |  1.5

Action                   |  1- 3 |  4- 6 |  7- 9 | 10-12 || total
-------------------------+-------+-------+-------+-------++-------
Melee: Mace              |   106 |   262 |   163 |       ||   531
       Lajatang          |       |       |   128 |   550 ||   678
       Unarmed           |       |       |       |     8 ||     8
Invok: Convert to Beogh  |       |     1 |       |       ||     1
       Smiting           |       |     3 |     2 |     2 ||     7
       Recall Orcish Fol |       |       |       |     6 ||     6
Evoke: Wand              |       |       |     3 |       ||     3
  Use: Potion            |     2 |     5 |     1 |     3 ||    11
       Scroll            |       |       |    14 |    12 ||    26
 Stab: Sleeping          |     4 |       |     6 |    10 ||    20
       Distracted        |       |       |     1 |     5 ||     6
  Eat: Chunk             |     2 |    12 |    15 |    25 ||    54
Armor: Robe              |     6 |       |       |       ||     6
       Ring mail         |    19 |    30 |       |   239 ||   288
       Chain mail        |       |    98 |   117 |       ||   215
       Troll leather arm |       |       |    65 |    13 ||    78
       Plate armour      |       |       |       |    62 ||    62
       Skin              |       |       |       |     2 ||     2
Dodge: Dodged            |    66 |   127 |   109 |   341 ||   643

Table legend:
 A = Spawn XP
 B = Non-spawn XP
 C = Spawn XP percentage of total XP
 D = Spawn monster count
 E = Non-spawn monster count
 F = Spawn count percentage of total count
 G = Total turns spent on level
                    A         B        C        D         E        F      G
               +---------+---------+-------+---------+---------+-------+---------
         Total |    3351 |   28250 |  10.6 |      52 |     335 |  13.4 | 15459
               +---------+---------+-------+---------+---------+-------+---------
           D:1 |       5 |      31 |  13.9 |       4 |      11 |  26.7 |   954
           D:2 |       1 |      90 |   1.1 |       1 |      22 |   4.3 |  1304
           D:3 |      14 |     330 |   4.1 |       4 |      30 |  11.8 |  1475
           D:4 |      20 |     291 |   6.4 |       4 |      11 |  26.7 |   948
           D:5 |     205 |     350 |  36.9 |       4 |      13 |  23.5 |  1133
           D:6 |      53 |     735 |   6.7 |       3 |      21 |  12.5 |   727
           D:7 |       0 |     811 |   0.0 |       0 |      15 |   0.0 |   502
           D:8 |     122 |    3822 |   3.1 |       3 |      37 |   7.5 |  1067
           D:9 |      84 |    3485 |   2.4 |       4 |      40 |   9.1 |  1393
          D:10 |    1361 |    1947 |  41.1 |       9 |      21 |  30.0 |  1527
        Lair:1 |      85 |    1978 |   4.1 |       1 |      15 |   6.2 |   865
        Lair:2 |     698 |    3931 |  15.1 |       3 |      20 |  13.0 |   983
        Lair:3 |       0 |    3025 |   0.0 |       0 |       7 |   0.0 |    30
         Orc:1 |     169 |    1531 |   9.9 |       4 |      14 |  22.2 |   884
         Orc:2 |     534 |    5753 |   8.5 |       8 |      52 |  13.3 |  1467
         Sewer |       0 |     140 |   0.0 |       0 |       6 |   0.0 |   200
               +---------+---------+-------+---------+---------+-------+---------
